SAAA
VERMONT LAKE MONSTERS @ HIALEAH DODOS
06/03/2042
 
TOP OF THE 1ST
Vermont Lake Monsters batting - Pitching for Hialeah Dodos : LHP Kidlat Tria
Pitching: LHP Kidlat Tria
Batting: RHB Wally Hill 0-0: DOUBLE (Line Drive, 9LM, EV 91.2 MPH)
Batting: RHB Meshach Ashpenaz 0-0: Ball
1-0: Called Strike
1-1: Ball
2-1: Foul Ball, location: 2F
2-2: Foul Ball, location: 2F
2-2: Ground out 1-3 (Groundball, P, EV 78.1 MPH)
Wally Hill to third
Batting: SHB Enrique Martínez 0-0: Foul Ball, location: 2F
0-1: Called Strike
0-2: Foul Ball, location: 2F
0-2: Foul Ball, location: 2F
0-2: Strikes out swinging
Batting: RHB Dragoljub Kandic 0-0: Foul Ball, location: 2F
0-1: Foul Ball, location: 2F
0-2: Foul Ball, location: 2F
0-2: Ball
1-2: Ball
2-2: Foul Ball, location: 2F
2-2: Fly out, F8 (Line Drive, 8RD, EV 95.0 MPH)
Top of the 1st over - 0 runs, 1 hit, 0 errors, 1 left on base; Vermont 0 - Hialeah 0
BOTTOM OF THE 1ST
Hialeah Dodos batting - Pitching for Vermont Lake Monsters : RHP Bob Hollingsworth
Pitching: RHP Bob Hollingsworth
Batting: LHB Ramón Morterero 0-0: Swinging Strike
0-1: SINGLE (Groundball, 34D, EV 98.1 MPH)
Batting: RHB Eddie Neef 0-0: Ball
Pickoff Throw by Catcher to First - Out!
1-0: Ball
2-0: Called Strike
2-1: Ball
3-1: Foul Ball, location: 2F
3-2: Base on Balls
Batting: RHB Sergio San Martín 0-0: Ball
1-0: Foul Ball, location: 2F
1-1: Foul Ball, location: 2F
1-2: Foul Ball, location: 2F
1-2: Strikes out swinging
Batting: RHB Mulia Muljana 0-0: Ball
1-0: Foul Ball, location: 2F
1-1: Ball
2-1: Ground out 1-3 (Groundball, 34S, EV 79.4 MPH)
Bottom of the 1st over - 0 runs, 1 hit, 0 errors, 1 left on base; Vermont 0 - Hialeah 0
TOP OF THE 2ND
Vermont Lake Monsters batting - Pitching for Hialeah Dodos : LHP Kidlat Tria
Batting: LHB Jiro Miyake 0-0: Ball
1-0: Ball
2-0: Called Strike
2-1: Swinging Strike
2-2: SINGLE (Flyball, 7LS, EV 90.6 MPH)
Batting: SHB Senthamilselvi Manohoran 0-0: Ball
1-0: Ball
2-0: Fly out, F9 (Flyball, 89S, EV 94.4 MPH)
Batting: RHB Mark Kirk 0-0: Called Strike
0-1: Called Strike
0-2: Fly out, F7 (Flyball, 78S, EV 88.1 MPH)
Batting: SHB Junya Furuya 0-0: Foul Ball, location: 2F
0-1: Ball
1-1: Swinging Strike
1-2: Foul Ball, location: 2F
1-2: Ball
2-2: Strikes out swinging
Top of the 2nd over - 0 runs, 1 hit, 0 errors, 1 left on base; Vermont 0 - Hialeah 0
BOTTOM OF THE 2ND
Hialeah Dodos batting - Pitching for Vermont Lake Monsters : RHP Bob Hollingsworth
Batting: LHB Dallas McMurran 0-0: Called Strike
0-1: Ball
1-1: SINGLE (Groundball, 56D, EV 102.5 MPH)
Batting: RHB Juan Reyes 0-0: Ball
1-0: Foul Ball, location: 2F
1-1: SINGLE (Flyball, 8RS, EV 85.6 MPH)
Dallas McMurran to second
Batting: RHB Alfonso Cabedo 0-0: Fly out, F7 (Flyball, 7D, EV 94.4 MPH)
Batting: RHB Jon Deal 0-0: Foul Ball, location: 2F
0-1: Ball
1-1: Called Strike
Juan Reyes is caught stealing 2nd base 2-4
Dallas McMurran steals 3rd base
1-2: Foul Ball, location: 2F
1-2: Fly out, F4 (Popup, 4M, EV 63.1 MPH)
Bottom of the 2nd over - 0 runs, 2 hits, 0 errors, 1 left on base; Vermont 0 - Hialeah 0
TOP OF THE 3RD
Vermont Lake Monsters batting - Pitching for Hialeah Dodos : LHP Kidlat Tria
Batting: RHB Pablo Saavedra 0-0: Ground out 4-3 (Groundball, 4, EV 85.0 MPH)
Batting: RHB Wally Hill 0-0: SINGLE (Groundball, 6M, EV 82.5 MPH) (infield hit)
Batting: RHB Meshach Ashpenaz 0-0: Called Strike
Wally Hill is caught stealing 2nd base 2-4
0-1: Ball
1-1: Ball
2-1: Ball
3-1: SINGLE (Groundball, 6, EV 93.8 MPH) (infield hit)
Batting: SHB Enrique Martínez 0-0: Called Strike
0-1: Fielders Choice at 2nd, 6-4 (Groundball, 6, EV 109.4 MPH)
Top of the 3rd over - 0 runs, 2 hits, 0 errors, 1 left on base; Vermont 0 - Hialeah 0
BOTTOM OF THE 3RD
Hialeah Dodos batting - Pitching for Vermont Lake Monsters : RHP Bob Hollingsworth
Batting: SHB Xavier Mercier 0-0: Ball
1-0: Ball
2-0: Foul Ball, location: 2F
2-1: Ball
3-1: SINGLE (Groundball, 34D, EV 109.4 MPH)
Batting: LHB Ramón Morterero 0-0: Swinging Strike
0-1: Foul Ball, location: 2F
0-2: Strikes out swinging
Batting: RHB Eddie Neef 0-0: Ball
1-0: Swinging Strike
1-1: SINGLE (Line Drive, 8LS, EV 90.0 MPH)
Xavier Mercier to second
Batting: RHB Sergio San Martín 0-0: Ball
1-0: Ball
2-0: Foul Ball, location: 2F
2-1: DOUBLE (Flyball, 78XD, EV 99.4 MPH)
Xavier Mercier scores
Eddie Neef to third
Runner from 3rd tries for Home, SAFE, no throw by CF
Batting: RHB Mulia Muljana 0-0: Called Strike
0-1: Ball
1-1: Ground out 4-3 (Groundball, 4M, EV 87.5 MPH)
Sergio San Martín to third
Batting: LHB Dallas McMurran 0-0: Ball
1-0: Foul Ball, location: 2F
1-1: Fly out, F2 (Popup, 23F, EV 80.6 MPH)
Bottom of the 3rd over - 2 runs, 3 hits, 0 errors, 1 left on base; Vermont 0 - Hialeah 2
TOP OF THE 4TH
Vermont Lake Monsters batting - Pitching for Hialeah Dodos : LHP Kidlat Tria
Batting: RHB Dragoljub Kandic 0-0: Called Strike
0-1: Foul Ball, location: 2F
0-2: Foul Ball, location: 2F
0-2: Foul Ball, location: 2F
0-2: Ball
1-2: Ball
2-2: Fly out, F8 (Flyball, 8LD, EV 86.2 MPH)
Pitching: RHP Júlio Antunez
Batting: LHB Jiro Miyake 0-0: Ball
1-0: Ball
2-0: Ball
3-0: Called Strike
3-1: SINGLE (Line Drive, 4D, EV 99.4 MPH)
Batting: SHB Senthamilselvi Manohoran 0-0: Called Strike
0-1: Called Strike
0-2: Ball
1-2: Foul Ball, location: 2F
1-2: Strikes out swinging
Batting: RHB Mark Kirk 0-0: Foul Ball, location: 2F
0-1: Swinging Strike
0-2: Fly out, F7 (Line Drive, 7, EV 89.4 MPH)
Top of the 4th over - 0 runs, 1 hit, 0 errors, 1 left on base; Vermont 0 - Hialeah 2
BOTTOM OF THE 4TH
Hialeah Dodos batting - Pitching for Vermont Lake Monsters : RHP Bob Hollingsworth
Batting: RHB Juan Reyes 0-0: Foul Ball, location: 2F
0-1: Ball
1-1: Ball
2-1: Single, Error in OF, E7, batter to second base (Line Drive, 6D, EV 99.4 MPH)
Batting: RHB Alfonso Cabedo 0-0: Ground out 6-3 (Groundball, 6, EV 101.9 MPH)
Batting: RHB Jon Deal 0-0: Ball
1-0: Swinging Strike
1-1: Ball
2-1: Foul Ball, location: 2F
2-2: Ball
3-2: Base on Balls
Batting: SHB Xavier Mercier 0-0: Fly out, F7 (Flyball, 7D, EV 78.8 MPH)
Runner from 2nd tags up, SAFE at 3rd, no throw by LF
Batting: LHB Ramón Morterero 0-0: Called Strike
0-1: Swinging Strike
0-2: Ground out 4-3 (Groundball, 4, EV 90.0 MPH)
Bottom of the 4th over - 0 runs, 1 hit, 1 error, 2 left on base; Vermont 0 - Hialeah 2
TOP OF THE 5TH
Vermont Lake Monsters batting - Pitching for Hialeah Dodos : RHP Júlio Antunez
Batting: SHB Junya Furuya 0-0: Ball
1-0: Foul Ball, location: 2F
1-1: Foul Ball, location: 2F
1-2: Foul Ball, location: 2F
1-2: Ball
2-2: Foul Ball, location: 2F
2-2: Foul Ball, location: 2F
2-2: Fly out, F2 (Popup, 2LF, EV 93.8 MPH)
Batting: RHB Pablo Saavedra 0-0: Swinging Strike
0-1: Called Strike
0-2: Ball
1-2: Ball
2-2: Foul Ball, location: 2F
2-2: Foul Ball, location: 2F
2-2: Ground out U3 (Groundball, 34, EV 103.1 MPH)
Batting: RHB Wally Hill 0-0: Ball
1-0: Called Strike
1-1: SINGLE (Line Drive, 9LM, EV 105.6 MPH)
Batting: RHB Meshach Ashpenaz 0-0: Called Strike
Wally Hill steals 2nd base
0-1: Swinging Strike
0-2: Fly out, F8 (Flyball, 8RD, EV 103.8 MPH)
Top of the 5th over - 0 runs, 1 hit, 0 errors, 1 left on base; Vermont 0 - Hialeah 2
BOTTOM OF THE 5TH
Hialeah Dodos batting - Pitching for Vermont Lake Monsters : RHP Bob Hollingsworth
Batting: RHB Eddie Neef 0-0: Ball
1-0: Swinging Strike
1-1: Ground out 6-3 (Groundball, 6, EV 78.1 MPH)
Batting: RHB Sergio San Martín 0-0: Called Strike
0-1: Ball
1-1: Foul Ball, location: 2F
1-2: Ball
2-2: Fly out, F9 (Flyball, 89S, EV 86.9 MPH)
Batting: RHB Mulia Muljana 0-0: Called Strike
0-1: Fly out, F6 (Popup, 6MD, EV 43.1 MPH)
Bottom of the 5th over - 0 runs, 0 hits, 0 errors, 0 left on base; Vermont 0 - Hialeah 2
TOP OF THE 6TH
Vermont Lake Monsters batting - Pitching for Hialeah Dodos : RHP Júlio Antunez
Batting: SHB Enrique Martínez 0-0: Foul Ball, location: 2F
0-1: Ball
1-1: Called Strike
1-2: Foul Ball, location: 2F
1-2: Strikes out swinging, 2-3 out at first.
Batting: RHB Dragoljub Kandic 0-0: Ball
1-0: Called Strike
1-1: Ground out 6-3 (Groundball, 6D, EV 106.2 MPH)
Batting: LHB Jiro Miyake 0-0: Foul Ball, location: 2F
0-1: Ball
1-1: Swinging Strike
1-2: Foul Ball, location: 2F
1-2: Strikes out swinging
Top of the 6th over - 0 runs, 0 hits, 0 errors, 0 left on base; Vermont 0 - Hialeah 2
BOTTOM OF THE 6TH
Hialeah Dodos batting - Pitching for Vermont Lake Monsters : RHP Bob Hollingsworth
Batting: LHB Dallas McMurran 0-0: Fly out, F9 (Flyball, 9D, EV 93.1 MPH)
Batting: RHB Juan Reyes 0-0: DOUBLE (Line Drive, 89D, EV 106.2 MPH)
Batting: RHB Alfonso Cabedo 0-0: Swinging Strike
0-1: Ball
1-1: Foul Ball, location: 2F
1-2: Ground out 1-3 (Groundball, 25, EV 65.0 MPH)
Batting: RHB Jon Deal 0-0: Foul Ball, location: 2F
0-1: Foul Ball, location: 2F
0-2: Ball
1-2: Foul Ball, location: 2F
1-2: Fly out, F8 (Line Drive, 8RD, EV 89.4 MPH)
Bottom of the 6th over - 0 runs, 1 hit, 0 errors, 1 left on base; Vermont 0 - Hialeah 2
TOP OF THE 7TH
Vermont Lake Monsters batting - Pitching for Hialeah Dodos : RHP Júlio Antunez
Batting: SHB Senthamilselvi Manohoran 0-0: Swinging Strike
0-1: Ball
1-1: Foul Ball, location: 2F
1-2: DOUBLE (Flyball, 8RXD, EV 104.4 MPH)
Pitching: RHP Kenny Hannah
Batting: RHB Mark Kirk 0-0: Swinging Strike
0-1: Foul Ball, location: 2F
0-2: Strikes out looking
Batting: SHB Junya Furuya 0-0: Ball
1-0: Called Strike
1-1: Called Strike
1-2: Strikes out swinging
Batting: RHB Pablo Saavedra 0-0: Called Strike
0-1: Ground out 5-3 (Groundball, 56, EV 83.8 MPH)
Top of the 7th over - 0 runs, 1 hit, 0 errors, 1 left on base; Vermont 0 - Hialeah 2
BOTTOM OF THE 7TH
Hialeah Dodos batting - Pitching for Vermont Lake Monsters : RHP Bob Hollingsworth
Pitching: RHP Mike Dean
Batting: SHB Xavier Mercier 0-0: Ball
1-0: Ball
2-0: Called Strike
2-1: Foul Ball, location: 2F
2-2: Strikes out swinging
Batting: LHB Ramón Morterero 0-0: Ball
1-0: Ball
2-0: Ball
3-0: Base on Balls
Batting: RHB Eddie Neef 0-0: Ball
Ramón Morterero steals 2nd base
1-0: Swinging Strike
1-1: Swinging Strike
1-2: Foul Ball, location: 2F
1-2: Ball
2-2: Ball
3-2: Foul Ball, location: 2F
3-2: Strikes out swinging
Pitching: LHP Alexis Zambaco
Batting: RHB Sergio San Martín 0-0: Called Strike
0-1: Foul Ball, location: 2F
0-2: Strikes out swinging
Bottom of the 7th over - 0 runs, 0 hits, 0 errors, 1 left on base; Vermont 0 - Hialeah 2
TOP OF THE 8TH
Vermont Lake Monsters batting - Pitching for Hialeah Dodos : RHP Kenny Hannah
Batting: RHB Wally Hill 0-0: Fly out, F9 (Flyball, 9, EV 90.6 MPH)
Batting: RHB Meshach Ashpenaz 0-0: Ball
1-0: Ground out 6-3 (Groundball, 56, EV 93.8 MPH)
Batting: SHB Enrique Martínez 0-0: Swinging Strike
0-1: Ball
1-1: Foul Ball, location: 2F
1-2: Fly out, F7 (Flyball, 78XD, EV 105.6 MPH)
Top of the 8th over - 0 runs, 0 hits, 0 errors, 0 left on base; Vermont 0 - Hialeah 2
BOTTOM OF THE 8TH
Hialeah Dodos batting - Pitching for Vermont Lake Monsters : LHP Alexis Zambaco
Batting: RHB Mulia Muljana 0-0: Ball
1-0: Foul Ball, location: 2F
1-1: Foul Ball, location: 2F
1-2: Foul Ball, location: 2F
1-2: SINGLE (Line Drive, 56, EV 110.0 MPH)
Batting: LHB Dallas McMurran 0-0: Ball
1-0: Foul Ball, location: 2F
1-1: Foul Ball, location: 2F
1-2: Foul Ball, location: 2F
1-2: SINGLE (Line Drive, 4D, EV 106.9 MPH)
Mulia Muljana to second
Batting: RHB Juan Reyes 0-0: Ball
1-0: Fielders Choice at 2nd, 6-4 (Groundball, 6M, EV 95.6 MPH)
Mulia Muljana to third
Batting: RHB Alfonso Cabedo 0-0: Ball
1-0: Ball
2-0: Foul Ball, location: 2F
2-1: Foul Ball, location: 2F
2-2: Foul Ball, location: 2F
2-2: Fly out, F7 (Flyball, 78S, EV 88.8 MPH)
Batting: RHB Jon Deal 0-0: Called Strike
0-1: Ball
1-1: Fly out, F8 (Flyball, 8LD, EV 85.0 MPH)
Bottom of the 8th over - 0 runs, 2 hits, 0 errors, 2 left on base; Vermont 0 - Hialeah 2
TOP OF THE 9TH
Vermont Lake Monsters batting - Pitching for Hialeah Dodos : RHP Kenny Hannah
Pitching: RHP John Stevens
Now at 1B: Ron Lawrence
Batting: RHB Dragoljub Kandic 0-0: Swinging Strike
0-1: Ball
1-1: Ball
2-1: Foul Ball, location: 2F
2-2: SINGLE (Line Drive, 34D, EV 97.5 MPH)
Batting: LHB Jiro Miyake 0-0: Foul Ball, location: 2F
0-1: Ball
1-1: Fielders Choice at 2nd, 1-4 (Groundball, 15S, EV 73.1 MPH)
Batting: SHB Senthamilselvi Manohoran 0-0: Ball
1-0: Swinging Strike
1-1: Ball
2-1: Swinging Strike
2-2: Ball
3-2: Base on Balls
Jiro Miyake to second
Batting: RHB Mark Kirk 0-0: Grounds into double play, 6-4-3 (Groundball, 56, EV 83.1 MPH)
Top of the 9th over - 0 runs, 1 hit, 0 errors, 1 left on base; Vermont 0 - Hialeah 2
Friday, March 26th, 2021 - OOTP Baseball 20.8 Build 74